 Dungeon Crawl Stone Soup version 0.18-a0-867-gfd1cc8f (webtiles) character file.

5663 M4edhros the Covert (level 10, -1/64 HPs)
             Began as an Octopode Artificer on Dec 21, 2015.
             Was a Priest of Fedhas.
             Slain by a gargoyle
             ... wielding a cursed -2 mace
              (12 damage)
             ... on level 9 of the Dungeon.
             The game lasted 00:18:20 (10228 turns).

M4edhros the Covert (Octopode Artificer)           Turns: 10228, Time: 00:18:20

Health: -1/64      AC:  6    Str: 14    XL:     10   Next: 75%
Magic:  15/15      EV: 11    Int: 17    God:    Fedhas [***...]
Gold:   249        SH: 13    Dex: 13    Spells: 1 memorised, 14 levels left

rFire  + + .     SeeInvis .     I - +0 trident (protect)
rCold  x . .     Gourm    .     z - +0 large shield
rNeg   . . .     Faith    .     (helmet restricted)
rPois  +         Spirit   .     (no amulet)
rElec  .         Dismiss  .     l - ring of protection from fire
rCorr  .         Reflect  .     h - +3 ring of strength
SustAt .         Harm     .     v - ring of fire
MR     .....                    s - ring of poison resistance
Stlth  +++++.....               g - ring of loudness (curse)
                                (no ring)
                                (no ring)
                                (no ring)

@: drained, not resistant to hostile enchantments, quite stealthy
A: almost no armour, amphibious, 8 rings, constrict 8, camouflage 1, gelatinous
body 1
a: Evolution, Sunlight, Growth, Renounce Religion


You were on level 9 of the Dungeon.
You worshipped Fedhas.
Fedhas was most pleased with you.
You were near starving.

You visited 1 branch of the dungeon, and saw 9 of its levels.
You also visited: Sewer.

You collected 493 gold pieces.
You spent 244 gold pieces at shops.

Inventory:

Hand Weapons
 a - a +1 short sword
 I - a +0 trident of protection (weapon)
Missiles
 e - 163 stones (quivered)
 F - 16 sling bullets
Armour
 z - a +0 large shield (worn)
Jewellery
 g - a cursed ring of loudness (on tentacle)
 h - a +3 ring of strength (right tentacle)
 l - a ring of protection from fire (left tentacle)
 s - a ring of poison resistance (on tentacle)
 v - a ring of fire (on tentacle)
Wands
 c - a wand of enslavement (6/24)
 i - a wand of flame (0/48)
 D - a wand of flame (24/48)
 E - a wand of paralysis (0/24)
 G - a wand of paralysis (0/24)
Scrolls
 k - 2 scrolls of teleportation
 r - a scroll of identify
 t - 3 scrolls of magic mapping
 w - 3 scrolls of enchant armour
 x - 5 scrolls of amnesia
 y - a scroll of enchant weapon
 A - a scroll of fog
 B - a scroll of immolation
 C - 2 scrolls of remove curse
Potions
 b - 2 potions of curing
 j - 2 potions of cancellation
 m - 2 potions of resistance
 o - 5 potions of flight
 p - a potion of magic
 u - a potion of invisibility
Books
 d - a book of Party Tricks

   Spells                             Type                      Level
   a - Summon Butterflies             Summoning                    1
   b - Apportation                    Translocation                1
   c - Tukima's Dance                 Hexes                        3
   d - Alistair's Intoxication        Transmutation/Poison         4
   e - Invisibility                   Hexes                        6
 J - a book of Burglary

   Spells                             Type                      Level
   a - Swiftness                      Charms/Air                   2
   b - Passwall                       Transmutation/Earth          3
   c - Passage of Golubria            Translocation                4
   d - Lee's Rapid Deconstruction     Earth                        5
   e - Darkness                       Hexes                        6
   f - Invisibility                   Hexes                        6
Comestibles
 f - 6 bread rations
 q - 9 slices of pizza
 H - 3 fruits


   Skills:
 - Level 4.2(3.9) Fighting
 - Level 1.0(0.7) Short Blades
 + Level 7.2(6.9) Dodging
 + Level 9.9(9.5) Stealth
 * Level 5.4(5.1) Shields
 + Level 3.7(3.4) Spellcasting
 + Level 4.1(3.8) Charms
 + Level 3.8(3.5) Air Magic
 + Level 4.0(3.8) Invocations
 + Level 7.1(6.8) Evocations


You had 14 spell levels left.
You knew the following spells:

 Your Spells              Type           Power        Failure   Level  Hunger
a - Swiftness             Chrm/Air       ###.....     75%         2    ##.....


Dungeon Overview and Level Annotations

Branches:
Dungeon (9/15)             Temple (0/1) D:7
   Lair: D:8-11         Orc: D:9-12

Altars:
Cheibriados
Dithmenos
Elyvilon
Fedhas
Kikubaaqudgha
Makhleb
Nemelex Xobeh
Pakellas
Sif Muna
Trog
Vehumet
Xom
Yredelemnul
The Shining One

Shops:
D:6 !*?**   D:7 =


Innate Abilities, Weirdness & Mutations

You cannot wear most types of armour.
You are amphibious.
You can wear up to eight rings at the same time.
You can use your tentacles to constrict eight enemies at once.
Your skin changes colour to match your surroundings (Stealth).
Your rubbery body absorbs attacks (AC +1).


Message History

Press: ? - help, Shift-Dir - straight line, f/p - gargoyle
Aim: a gargoyle, wielding a mace (moderately damaged, constricted by you, chance to defeat MR: 43%)
The gargoyle resists with some effort.
Evoking this partially-identified wand wasted a few charges.
You constrict the gargoyle. You block the gargoyle's attack.
Evoke which item? (* to show all) (? for menu, Esc to quit)
Zapping:
E - a wand of paralysis {zapped: 4} (will waste charges)
Press: ? - help, Shift-Dir - straight line, f/p - gargoyle
Aim: a gargoyle, wielding a mace (heavily damaged, constricted by you, chance to defeat MR: 43%)
The gargoyle resists with some effort.
Evoking this partially-identified wand wasted a few charges.
You constrict the gargoyle. You block the gargoyle's attack.
Evoke which item? (* to show all) (? for menu, Esc to quit)
Zapping:
E - a wand of paralysis {zapped: 7} (will waste charges)
Press: ? - help, Shift-Dir - straight line, f/p - gargoyle
Aim: a gargoyle, wielding a mace (heavily damaged, constricted by you, chance to defeat MR: 43%) Nothing appears to happen.
You constrict the gargoyle. The gargoyle hits you with a mace!
You die...
Fedhas appreciates your contribution to the ecosystem.

#..........###....#
#######...#####..f......##
#...f.f...# #...#####...
#.....f...# #...'...#...
#######...# #...#...#...
#...# #...#...'... #...#
#...#...#... #...#
#...#####... #..@#
#........... #..9#
#........... #....
.........### .......
........# #########
#.......# #########


You could see a gargoyle and 2 friendly wandering mushrooms.

Vanquished Creatures
  Erica (D:8)
  A spriggan (D:8)
  A water moccasin (D:7)
  Purgy (Sewer)
  2 ogres (D:4)
  A centaur (D:6)
  A crocodile (D:7)
  4 giant frogs
  3 wights (D:9)
  4 scorpions
  A killer bee (D:7)
  A jelly (D:8)
  7 crimson imps
  3 gnolls (D:6)
  2 giant frog skeletons
  4 hounds (D:9)
  4 orc wizards
  2 centaur skeletons (D:6)
  4 iguanas
  3 worker ants
  3 human skeletons (D:8)
  2 hound skeletons
  14 adders
  3 oozes
  A worm (D:2)
  An adder skeleton (D:4)
  5 giant geckos
  27 orcs
  8 bats
  4 giant cockroaches
  5 goblins
  8 hobgoblins
  2 quokkas
  3 ball pythons
  A ball python skeleton (D:4)
  A giant gecko skeleton (D:6)
  A giant gecko zombie (D:5)
  7 giant newts
  9 jackals
  7 kobolds
  A quokka skeleton (D:4)
  5 rats
  A toadstool (D:9)
169 creatures vanquished.

Vanquished Creatures (collateral kills)
  The ghost of kal9871 the Carver, a novice TeGl of the Shining One (D:8)
  The ghost of conein the Thaumaturge, a novice DEWz of Vehumet (D:9)
  The ghost of Chiseanne the Jinx, a novice VSEn of Gozag (D:7)
  A troll (D:9)
  A hippogriff (D:9)
  A yak (D:9)
  3 wraiths (D:8)
  3 hungry ghosts
  4 wolves (D:9)
  An ice beast (D:7)
  An orc warrior (D:8)
  A necrophage (D:8)
  An ogre (D:9)
  A phantom (D:6)
  A scorpion (D:9)
  7 wights
  4 killer bees (D:7)
  A crimson imp (D:8)
  A hound (D:9)
  A gnoll shaman (D:6)
  3 orc priests
  An iguana (D:9)
  A mummy (D:8)
  2 gnolls (D:6)
  7 orcs
50 creatures vanquished.

Vanquished Creatures (others)
  A trapdoor spider zombie (D:8)
  3 yaks (D:9)
  6 wandering mushrooms
  3 necrophages (D:8)
  A crimson imp (D:9)
  An iguana (D:9)
  A gnoll (D:6)
  A killer bee zombie (D:9)
  A giant gecko (D:1)
  A jackal (D:3)
  116 toadstools
135 creatures vanquished.

Grand Total: 354 creatures vanquished

Notes
Turn   | Place    | Note
--------------------------------------------------------------
     0 | D:1      | M4edhros the Octopode Artificer began the quest for the Orb.
     0 | D:1      | Reached XP level 1. HP: 13/13 MP: 3/3
   524 | D:2      | Reached XP level 2. HP: 8/18 MP: 4/4
   768 | D:2      | Reached XP level 3. HP: 23/23 MP: 5/5
   822 | D:3      | HP: 1/23 [orc/club (7)]
  1132 | D:4      | Noticed an ogre
  1140 | D:4      | Killed an ogre
  1140 | D:4      | Reached skill level 4 in Stealth
  1140 | D:4      | Reached XP level 4. HP: 28/28 MP: 6/6
  1140 | D:4      | Reached XP level 5. HP: 33/33 MP: 7/7
  1224 | D:4      | Noticed an ogre
  1236 | D:5      | Entered Level 5 of the Dungeon
  1290 | D:5      | Found a glowing drain.
  1473 | Sewer    | Entered a sewer
  1661 | Sewer    | Noticed Purgy
  1667 | Sewer    | Killed Purgy
  1667 | Sewer    | Reached skill level 5 in Stealth
  1667 | Sewer    | Reached XP level 6. HP: 27/38 MP: 7/9
  1941 | D:4      | Reached skill level 6 in Stealth
  2091 | D:4      | Found a glowing golden altar of the Shining One.
  2177 | D:4      | Reached skill level 5 in Dodging
  2177 | D:4      | Reached XP level 7. HP: 37/43 MP: 10/10
  3116 | D:5      | Reached skill level 5 in Evocations
  3376 | D:6      | Found Ominuo's Assorted Antiques.
  3392 | D:6      | Found Jegeh's Assorted Antiques.
  3428 | D:6      | Bought a scroll labeled GEUSYMM AREA for 29 gold pieces
  3428 | D:6      | Bought 3 scrolls labeled ZAM FEXIGOOVY for 87 gold pieces
  3428 | D:6      | Bought a scroll labeled OSHOV FEGIDDY for 29 gold pieces
  3524 | D:6      | Found Beerasche's Assorted Antiques.
  3539 | D:6      | Found Rimmergh's Distillery.
  4018 | D:6      | Reached skill level 7 in Stealth
  4302 | D:6      | Found a shadowy altar of Dithmenos.
  4303 | D:6      | Found a blossoming altar of Fedhas.
  4305 | D:6      | Found a burning altar of Makhleb.
  4305 | D:6      | Found a snail-covered altar of Cheibriados.
  4305 | D:6      | Found a white marble altar of Elyvilon.
  4306 | D:6      | Found an oddly glowing altar of Pakellas.
  4531 | D:6      | Found a deep blue altar of Sif Muna.
  4533 | D:6      | Found an ancient bone altar of Kikubaaqudgha.
  4533 | D:6      | Found a radiant altar of Vehumet.
  4542 | D:6      | Reached XP level 8. HP: 37/48 MP: 11/11
  4544 | D:6      | Identified Kikubaaqudgha's Handbook of Darkness
  4551 | D:6      | Identified Sif Muna's Compendium of Transmigration
  4558 | D:6      | Identified Vehumet's Collected Works on Battle Magic
  4602 | D:6      | Became a worshipper of Fedhas Madash
  5286 | D:2      | Found a sparkling altar of Nemelex Xobeh.
  5291 | D:2      | Reached * piety under Fedhas
  5490 | D:3      | Reached skill level 1 in Shields
  5536 | D:3      | Found a bloodstained altar of Trog.
  6187 | D:6      | Found Noerphusch's Magic Scroll Boutique.
  6192 | D:6      | Bought a scroll of teleportation for 33 gold pieces
  6232 | D:6      | Bought a potion of heal wounds for 55 gold pieces
  6232 | D:6      | Bought a potion of degeneration for 11 gold pieces
  6239 | D:6      | Learned a level 2 spell: Swiftness
  6284 | D:7      | Reached skill level 8 in Stealth
  6356 | D:7      | Reached skill level 1 in Charms
  6359 | D:7      | Noticed Chiseanne's ghost (novice VSEn)
  6374 | D:7      | Killed Chiseanne's ghost
  6374 | D:7      | Reached skill level 1 in Air Magic
  6374 | D:7      | Reached skill level 1 in Invocations
  6463 | D:7      | Found a staircase to the Ecumenical Temple.
  6516 | D:7      | Reached skill level 1 in Spellcasting
  6586 | D:7      | Found Vouv's Jewellery Shoppe.
  6817 | D:7      | Reached XP level 9. HP: 50/55 MP: 13/13
  7230 | D:8      | Reached ** piety under Fedhas
  7279 | D:8      | Noticed Erica
  7311 | D:8      | Killed Erica
  7311 | D:8      | Reached skill level 9 in Stealth
  7674 | D:8      | Noticed kal9871's ghost (novice TeGl)
  7687 | D:8      | Killed kal9871's ghost
  7687 | D:8      | Reached XP level 10. HP: 33/63 MP: 13/15
  8014 | D:8      | Found a basalt altar of Yredelemnul.
  8985 | D:9      | Reached *** piety under Fedhas
  8995 | D:9      | Reached skill level 5 in Shields
  9349 | D:9      | Found a shimmering altar of Xom.
  9464 | D:9      | Noticed conein's ghost (novice DEWz)
  9485 | D:9      | Killed conein's ghost
 10228 | D:9      | Slain by a gargoyle

Vault maps used:
D:1:      dpeg_arrival_stone_temple_mockup, minmay_misc_feat_columns
D:2:      kennysheep_big_flooded_room, nemelex_altar_shiori
D:3:      old_standard_altar
D:4:      tso_altar, serial_column_ruins, column_ruins_square_medium,
          column_ruins_open_tiny, column_ruins_open_small,
          column_ruins_open_medium, column_ruins_corridor_plus,
          column_ruins_open_medium, minmay_cupped
D:5:      first_bread, portal_sewer_entry_e
D:6:      grunt_temple_overflow_magic_moments, grunt_temple_overflow_open,
          serial_shops, shop, shop, shop, shop, nicolae_shop_waterfront
D:7:      serial_shops, shop
D:8:      lemuel_mausoleum_altar_yredelemnul, grunt_pizzeria, uniq_erica
D:9:      xom_confusion_cloud, erik_lair_island
Sewer:    sewer_co_purgy_island

Action                   |  1- 3 |  4- 6 |  7- 9 | 10-12 || total
-------------------------+-------+-------+-------+-------++-------
Melee: Short sword       |    45 |    45 |   268 |   103 ||   461
       Trident           |       |       |       |    17 ||    17
Invok: Evolution         |       |       |     4 |     4 ||     8
       Sunlight          |       |       |     1 |       ||     1
Evoke: Wand              |    12 |     7 |    42 |     3 ||    64
  Use: Scroll            |     4 |       |    16 |       ||    20
       Potion            |       |       |     9 |     2 ||    11
 Stab: Sleeping          |     4 |     8 |    32 |     4 ||    48
       Paralysed         |       |       |     5 |       ||     5
       Distracted        |       |       |     1 |       ||     1
  Eat: Chunk             |       |     3 |     5 |       ||     8
       Meat ration       |       |       |     2 |       ||     2
       Beef jerky        |       |       |     1 |       ||     1
       Bread ration      |       |       |     1 |     1 ||     2
